 Dungeon Crawl Stone Soup version 0.17-a0-1714-g35622ae (webtiles) character file.

241 Alipheese the Chopper (level 6, -7/56 HPs)
             Began as a Naga Fighter on Aug 23, 2015.
             Mangled by Alipheese's ghost (13 damage)
             ... on level 5 of the Dungeon.
             The game lasted 00:02:52 (2006 turns).

Alipheese the Chopper (Naga Fighter)                Turns: 2006, Time: 00:02:52

Health: -7/56      AC:  8    Str: 19    XL:     6   Next: 8%
Magic:  6/6        EV:  5    Int: 10    God:
Gold:   103        SH:  8    Dex: 10    Spells: 0 memorised, 5 levels left

rFire  . . .     SeeInvis +     a - +2 war axe
rCold  + . .     Clarity  .     b - +0 scale mail
rNeg   . . .     SustAt   .     c - +0 shield
rPois  +         Gourm    .     (no helmet)
rElec  .         Spirit   .     (no cloak)
rCorr  .         Warding  .     s - +2 pair of gloves
rMut   .         Stasis   .     (no barding)
MR     .....                    (no amulet)
Stlth  ..........               (no ring)
                                p - ring of protection from cold

@: very slow, not resistant to hostile enchantments, extremely unstealthy
A: see invisible, deformed body, poison resistance, slowness 2, slow metabolism
1, spit poison 2, AC +2
a: Spit Poison


You were on level 5 of the Dungeon.
You were not hungry.

You visited 1 branch of the dungeon, and saw 4 of its levels.

You collected 103 gold pieces.

Inventory:

Hand weapons
 a - a +2 war axe (weapon)
Missiles
 l - 115 stones (quivered)
 o - 16 poisoned needles
Armour
 b - a +0 scale mail (worn)
 c - a +0 shield (worn)
 s - a +2 pair of gloves (worn)
Jewellery
 p - a ring of protection from cold (left hand)
Magical devices
 h - a wand of hasting (6)
 q - a wand of frost (22)
Scrolls
 f - 4 scrolls of remove curse
 i - 3 scrolls of teleportation
 j - 2 scrolls of identify
 r - a scroll of immolation
Potions
 d - a potion of might
 g - 4 potions of agility
 k - a potion of haste
 w - a potion of degeneration {unknown}
Comestibles
 e - a bread ration
 n - a beef jerky
 t - a meat ration


   Skills:
 - Level 3.0 Fighting
 + Level 6.2 Axes
 - Level 2.4 Armour
 - Level 2.4 Shields


You had 5 spell levels left.
You didn't know any spells.

Dungeon Overview and Level Annotations

Branches:
Dungeon (5/15)
 Temple: D:4-7

Altars:

Annotations:
D:5 Alipheese's ghost, experienced NaFi


Innate Abilities, Weirdness & Mutations

You cannot wear boots.
Your serpentine skin is tough (AC +2).
You have supernaturally acute eyesight.
Armour fits poorly on your strangely shaped body.
Your system is resistant to poisons.
You cover ground very slowly.
You have a slow metabolism.
You can spit poison.


Message History

Alipheese's ghost is heavily damaged.
You block Alipheese's ghost's attack.
You slash Alipheese's ghost!
Alipheese's ghost is severely damaged.
Alipheese's ghost hits you.
Your shield and scale mail prevent you from hitting Alipheese's ghost.
Alipheese's ghost is severely damaged.
You block Alipheese's ghost's attack.
You hit Alipheese's ghost.
Alipheese's ghost is severely damaged.
Alipheese's ghost hits you but does no damage.
Alipheese's ghost hits you.
You hit Alipheese's ghost.
Alipheese's ghost is severely damaged.
Alipheese's ghost hits you!
* * * LOW HITPOINT WARNING * * *
You slash Alipheese's ghost!
Alipheese's ghost is almost destroyed.
Alipheese's ghost hits you!
You die...

#.##.# #.#
..##.## #.#
####...## #.#
.........###.####
.####...........#
##.#######..#
...# #(.# ###.#
#..###.# #.#
#@.....# #.
#W.##### #..#
#..# .... ...##
##.# .#


You could see Alipheese's ghost.

Vanquished Creatures
  A giant frog (D:5)
  An orc wizard (D:5)
  Ijyb (D:2)
  A worker ant (D:3)
  Terence (D:2)
  A gnoll (D:5)
  A shadow imp (D:3)
  2 worms (D:2)
  3 orcs
  3 bats
  2 giant cockroaches (D:2)
  8 hobgoblins
  6 kobolds
  2 quokkas
  A ball python (D:1)
  3 goblins
  3 jackals (D:3)
  5 rats
45 creatures vanquished.

Notes
Turn   | Place    | Note
--------------------------------------------------------------
     0 | D:1      | Alipheese the Naga Fighter began the quest for the Orb.
     0 | D:1      | Reached XP level 1. HP: 21/21 MP: 1/1
   196 | D:1      | Reached XP level 2. HP: 26/28 MP: 2/2
   595 | D:2      | Reached XP level 3. HP: 34/34 MP: 3/3
   838 | D:2      | Noticed Ijyb
   850 | D:2      | Killed Ijyb
   850 | D:2      | Reached skill level 4 in Axes
   850 | D:2      | Reached XP level 4. HP: 37/42 MP: 4/4
  1187 | D:3      | Noticed Terence
  1204 | D:2      | Killed Terence
  1534 | D:3      | Reached skill level 5 in Axes
  1534 | D:3      | Reached XP level 5. HP: 45/49 MP: 5/5
  1548 | D:3      | You fall through a shaft for 2 floors!
  1548 | D:5      | Entered Level 5 of the Dungeon
  1781 | D:5      | Reached skill level 6 in Axes
  1781 | D:5      | Reached XP level 6. HP: 22/56 MP: 6/6
  1990 | D:5      | Noticed Alipheese's ghost (experienced NaFi)
  2005 | D:5      | HP: 5/56 [Alipheese's ghost (14)]
  2006 | D:5      | Mangled by Alipheese's ghost

Vault maps used:
D:1:      onia_arrival_pyramid, kennysheep_another_room
D:2:      uniq_iyjb
D:3:      yredelemnul_altar_generic, uniq_terence
D:5:      lemuel_crystal_altar, grunt_temple_overflow_open, fedhas_altar_2,
          first_bread

Action                   |  1- 3 |  4- 6 || total
-------------------------+-------+-------++-------
Melee: War axe           |    71 |    88 ||   159
 Abil: Spit Poison       |       |     4 ||     4
Evoke: Wand              |       |     6 ||     6
  Use: Scroll            |       |    11 ||    11
       Potion            |       |     1 ||     1
  Eat: Chunk             |       |     1 ||     1
       Bread ration      |       |     1 ||     1
